 Dungeon Crawl Stone Soup version bcrawl-1.28.1b (webtiles) character file.

Game seed: 6884543444467269147

130769 Morbidden the Sneak (level 3, -6/20 HPs)
             Began as a Vine Stalker Archaeologist on Dec 14, 2020.
             Mangled by a worker ant (7 damage)
             ... on level 2 of the Dungeon.
             The game lasted 00:01:59 (1004 turns).

Morbidden the Sneak (Vine Stalker Archaeologist)    Turns: 1004, Time: 00:01:59

Health: -6/20      AC:  8    Str: 13    XL:     3   Next: 56%
Magic:  4/4        EV: 12    Int: 15    God:
Gold:   122        SH:  0    Dex: 15    Spells: 2/2 levels left

rFire    x . .     SeeInvis .   o - +0 dagger
rCold    + . .     Gourm    .   (no shield)
rNeg     . . .     Faith    .   h - +0 ring mail (curse)
rPois    .         Spirit   .   c - +1 hat
rElec    .         Reflect  .   (no cloak)
rCorr    .         Harm     .   (no gloves)
MR       .....                  d - +1 pair of boots
Stlth    ++........             (no amulet)
HPRegen  0.46/turn              i - ring "Ijeguj" {Ice Dex+3}
MPRegen  0.09/turn              (no ring)

@: lethally poisoned (-6 -> -12)
A: fangs 2, regeneration 1, no potion heal 3, rot immunity, strong jaws
a: no special abilities


You were on level 2 of the Dungeon.
You were not hungry.

You visited 1 branch of the dungeon, and saw 2 of its levels.

You collected 122 gold pieces.

Inventory:

Hand Weapons
 o - a +0 dagger (weapon)
Missiles
 k - 94 steel javelins (quivered)
Armour
 c - a +1 hat (worn)
 d - a +1 pair of boots (worn)
 h - a cursed +0 ring mail (worn)
Jewellery
 i - the ring "Ijeguj" (left hand) {Ice Dex+3}
   (You found it on level 1 of the Dungeon)

   [ring of ice]

   It enhances your ice magic.
   It affects your dexterity (+3).
   It makes you vulnerable to fire.
   It protects you from cold.
Scrolls
 b - a scroll of identify
 g - a scroll of magic mapping
 l - a scroll of blinking {unknown}
 m - a scroll of fog {unknown}
Potions
 a - a potion of lignification {unknown}
 j - a potion of heal wounds {unknown}
 n - a potion of resistance {unknown}
Miscellaneous
 f - a dusty tome
Comestibles
 e - 2 rations {!d}
 p - 8 chunks of flesh


   Skills:
 * Level 1.1 Fighting
   Level 1.9 Maces & Flails
 + Level 0.3 Armour
 * Level 3.9 Dodging
 + Level 4.7 Stealth


You had 2 spell levels left.
You didn't know any spells.
Your spell library was empty.

Dungeon Overview and Level Annotations

Branches:
Dungeon (2/12)

Altars:
Ashenzari
Dithmenos
Nemelex Xobeh


Innate Abilities, Weirdness & Mutations

You have extremely sharp teeth.
Your natural rate of healing is unusually fast.
Potions cannot restore your health.
You are immune to rotting.
Your bites deal extra damage.


Message History

The steel javelin hits the worker ant but does no damage.
The worker ant is heavily wounded.
You feel very sick. The worker ant bites you.
* * * LOW HITPOINT WARNING * * *
The worker ant bites you.
* * * LOW HITPOINT WARNING * * *
No path to travel!
Throwing (i - inventory)
k - 95 steel javelins (quivered)
Press: ? - help, Shift-Dir - straight line, f/p - worker ant
Aim: a worker ant (heavily wounded)
You throw a steel javelin.
The steel javelin closely misses the worker ant.
* * * LOW HITPOINT WARNING * * *
You feel sick. The worker ant bites you.
* * * LOW HITPOINT WARNING * * *
You are more poisoned.
The worker ant poisons you! The worker ant barely misses you.
The worker ant bites you!
You die...

#.###.###.# ..
##.#.....#.# #.
##..#..†..#.#
####.
.......>...#
##....#
#..#.....#.#
#⌠(⌠...
##.#.....#.#
.._....
#.###.###.#
.⌠.⌠.ra##
##.........#
#@###.........##
##...##########
##.## #.# #†#
#.# ..# ..# #..#


You could see a worker ant and a rat.

Vanquished Creatures
  A dart slug (D:1)
  2 leopard geckos (D:1)
  A giant cockroach (D:1)
  4 goblins
  4 hobgoblins
  10 kobolds
  A ball python (D:1)
  7 bats
  3 frilled lizards
  5 rats
38 creatures vanquished.

Notes
Turn   | Place    | Note
-------+----------+-------------------------------------------
     0 | D:1      | Morbidden the Vine Stalker Archaeologist began the quest
                  | for the Orb.
     0 | D:1      | Reached XP level 1. HP: 11/11 MP: 2/2
   200 | D:1      | Reached skill level 1 in Maces & Flails
   200 | D:1      | Reached XP level 2. HP: 16/16 MP: 3/3
   265 | D:1      | Got a vibrating golden ring
   269 | D:1      | Identified the ring "Ijeguj" {Ice Dex+3} (You found it on
                  | level 1 of the Dungeon)
   486 | D:1      | Reached skill level 1 in Fighting
   486 | D:1      | Reached XP level 3. HP: 20/20 MP: 4/4
   907 | D:2      | Found a shadowy altar of Dithmenos.
   909 | D:2      | Found a shattered altar of Ashenzari.
   991 | D:2      | Found a sparkling altar of Nemelex Xobeh.
  1004 | D:2      | HP: 1/20 [worker ant (1)]
  1004 | D:2      | Mangled by a worker ant

Skill      XL: |  1  2 |
---------------+-------+-----
Maces & Flails | 1 |  1.9
Fighting       | 1 |  1.1
Armour         | |  0.3
Dodging        | |  3.9
Stealth        | |  4.7

Action                   || total
-------------------------++-------
Melee: Whip              ||    89
       Bite              ||    11
       Dagger            ||    42
Throw: Javelin           ||     6
 Stab: Sleeping          ||     5
  Eat: Chunk             ||     4
Armor: Ring mail         ||    64
       Robe              ||     1
Dodge: Dodged            ||    85
